 Dungeon Crawl Stone Soup version 0.30-a0-540-g0af01429fa (webtiles) character file.

Game seed: 13584604939709955561

484028 Shayle the Pyromancer (level 23, -1/126 HPs)
             Began as a Demonspawn Reaver on Dec 24, 2022.
             Was a Priest of Ashenzari.
             Killed from afar by an efreet (13 damage)
             ... with a fireball
             ... on level 4 of the Abyss on Dec 25, 2022.
             The game lasted 06:05:34 (75219 turns).

Shayle the Pyromancer (Demonspawn Reaver)          Turns: 75219, Time: 06:05:34

Health: -1/126     AC: 24    Str: 21      XL:     23   Next: 46%
Magic:  0/47       EV: 16    Int: 25 (27) God:    Ashenzari [***...]
Gold:   5134       SH:  5    Dex:  9 (10) Spells: 16/63 levels left

rFire   x . .      SeeInvis +    d - +10 dark maul {vorpal}
rCold   + . .      Faith    .    (shield currently unavailable)
rNeg    . . .      Spirit   +    r - +3 robe of Clouds {*Thunder rCloud rElec}
rPois   +          Reflect  +    (helmet unavailable)
rElec   +          Harm     .    D - +1 cloak of Starlight {*Dazzle EV+4 Stlth--}
rCorr   .          Rampage  .    W - +2 pair of gloves "Behold Eternity" {Alch, Cun} (curse)
Will    +++..      Clarity  +    a - +2 pair of boots "Pangnostic Urgency" {Elem, Fort} (curse)
Stlth   +                        c - amulet of the Tethered Vexation {Reflect +Inv Will+ Str+4 SH+5, Alch, Elem} (curse)
HPRegen 0.41/turn                F - ring "Zoikh" {rElec rPois Str+3 Int+3}
MPRegen 0.60/turn                m - ring of Cremastomancy {AC+4, Comp, Cun} (curse)

@: studying 2 skills, unable to read
A: antennae 3, icy blue scales 3, demonic guardian 2, torment resistance 1,
magic shield, magic regeneration, magic link, demonic willpower, hooves 1,
[clumsy 1], [deterioration 1], [frail 3], [heat vulnerability 1], [subdued magic
2], [inability to read after injury 1]
}: 3/15 runes: decaying, serpentine, silver
a: Renounce Religion, Evoke Invisibility, Curse Item, Shatter the Chains


You were on level 4 of the Abyss.
You worshipped Ashenzari.
Ashenzari was most pleased with you.
You visited 9 branches of the dungeon, and saw 41 of its levels.
You visited the Abyss 1 time.
You also visited: Gauntlet and Volcano.

You collected 7376 gold pieces.
You spent 2242 gold pieces at shops.

Inventory:

Hand Weapons
 d - the +10 dark maul (weapon) {vorpal}
   (You found it on level 2 of the Depths)

   It inflicts extra damage upon your enemies.
 j - the +4 quarterstaff of Sarati {venom, rPois rF+ rC+ Int+4}
   (You found it on level 2 of the Snake Pit)

   It poisons the flesh of those it strikes.
   Int:       It affects your intelligence (+4).
   rF:        It protects you from fire.
   rC:        It protects you from cold.
   rPois:     It protects you from poison.
 C - a +7 spectral quarterstaff
 R - the +8 trident "Conservator" {freeze, Str+6 Dex+4 Stlth-}
   (You took it off a deep elf annihilator on level 3 of the Elven Halls)

   It freezes those it strikes, dealing additional cold damage.
   It can also slow down cold-blooded creatures.
   Str:       It affects your strength (+6).
   Dex:       It affects your dexterity (+4).
   Stlth:     It makes you less stealthy.
Missiles
 k - 2 throwing nets
 s - 16 curare-tipped darts (quivered)
Armour
 a - the cursed +2 pair of boots "Pangnostic Urgency" (worn) {Elem, Fort}
   (You found it on level 5 of the Lair of Beasts)

   It has a curse which improves the following skills: Elements: Fire Magic, Ice
   Magic, Air Magic and Earth Magic.
   Fortitude: Armour and Shields.
 l - a +0 buckler of protection
 r - the +3 robe of Clouds (worn) {*Thunder rCloud rElec}
   (You found it on level 2 of the Orcish Mines)

   It occasionally creates storm clouds above nearby enemies.
   It grants its wearer immunity to clouds.
   rElec:     It insulates you from electricity.
 D - the +1 cloak of Starlight (worn) {*Dazzle EV+4 Stlth--}
   (You found it on level 3 of the Elven Halls)

   It may blind those who miss an attack against the wearer in melee combat.
   EV:        It affects your evasion (+4).
   Stlth:     It makes you much less stealthy.
 K - a +2 cloak of preservation
 L - a +2 robe of fire resistance
 M - +3 acid dragon scales
 W - the cursed +2 pair of gloves "Behold Eternity" (worn) {Alch, Cun}
   (You took it off Nikola on level 2 of the Vaults)

   It has a curse which improves the following skills: Alchemy: Poison Magic and
   Transmutations.
   Cunning:   Dodging and Stealth.
Jewellery
 c - the cursed amulet of the Tethered Vexation (around neck) {Reflect +Inv Will+ Str+4 SH+5, Alch, Elem}
   (You bought it in a shop on level 2 of the Orcish Mines)

   [amulet of reflection]

   It reflects blocked missile attacks.
   Str:       It affects your strength (+4).
   +Inv:      It lets you turn invisible.
   SH:        It affects your SH (+5).
   Will:      It increases your willpower.
   It has a curse which improves the following skills: Alchemy: Poison Magic and
   Transmutations.
   Elements:  Fire Magic, Ice Magic, Air Magic and Earth Magic.
 m - the cursed ring of Cremastomancy (right hand) {AC+4, Comp, Cun}
   (You found it on level 1 of the Dungeon)

   [ring of protection]

   AC:        It affects your AC (+4).
   It has a curse which improves the following skills: Companions: Summonings
   and Necromancy.
   Cunning:   Dodging and Stealth.
 F - the ring "Zoikh" (left hand) {rElec rPois Str+3 Int+3}
   (You took it off an orc warrior on level 5 of the Vaults)

   [ring of poison resistance]

   Str:       It affects your strength (+3).
   Int:       It affects your intelligence (+3).
   rElec:     It insulates you from electricity.
   rPois:     It protects you from poison.
 J - the ring "Poqumefu" {Wiz Will+ Str+4}
   (You took it off a deep elf annihilator on level 3 of the Elven Halls)

   [ring of wizardry]

   It improves your spell success rate.
   Str:       It affects your strength (+4).
   Will:      It increases your willpower.
 O - the ring "Efapsu" {rF+ rC+}
   (You took it off a yaktaur on level 5 of the Vaults)

   [ring of protection from cold]

   rF:        It protects you from fire.
   rC:        It protects you from cold.
Wands
 b - a wand of mindburst (21)
 t - a wand of digging (6)
 y - a wand of paralysis (44)
 z - a wand of flame (122)
 B - a wand of light (9)
 Q - a wand of iceblast (29)
Scrolls
 e - 7 scrolls of butterflies
 f - 7 scrolls of poison
 n - 3 scrolls of torment
 v - 4 scrolls of fog
 A - 6 scrolls of teleportation
 P - 5 scrolls of amnesia
 S - 2 scrolls of silence
 T - a scroll of fear
 U - 4 scrolls of blinking
 X - 3 scrolls of magic mapping
 Y - 2 scrolls of brand weapon
Potions
 g - 14 potions of curing
 h - 5 potions of cancellation
 i - 2 potions of invisibility
 o - 5 potions of might
 p - 3 potions of ambrosia
 q - 3 potions of magic
 u - 2 potions of resistance
 w - 8 potions of brilliance
 x - 6 potions of attraction
 E - 10 potions of haste
 G - 2 potions of berserk rage
 H - 6 potions of mutation
 I - 3 potions of flight
Miscellaneous
 N - a condenser vane (inert)


   Skills:
 - Level 15.0 Fighting
 - Level 5.1 Polearms
 - Level 11.8(13.3) Armour
 - Level 1.8(3.5) Dodging
 - Level 4.6(6.9) Stealth
 - Level 5.0(6.6) Shields
 + Level 20.9 Spellcasting
 - Level 14.3 Conjurations
 - Level 10.1(11.7) Necromancy
 - Level 5.1(7.4) Transmutations
 + Level 21.4(23.5) Fire Magic
 - Level 6.2(8.7) Ice Magic
 - Level 8.0(10.5) Earth Magic
 - Level 5.3(7.7) Poison Magic


You had 16 spell levels left.
You knew the following spells:

 Your Spells              Type           Power      Damage    Failure   Level
a - Kiss of Death         Conj/Necr      100%       2d13      0%          1
b - Vampiric Draining     Necr           52%        2d9       0%          3
c - Hailstorm             Conj/Ice       51%        3d11      0%          3
d - Sticky Flame          Conj/Fire      66%        2d8       0%          4
e - Mephitic Cloud        Conj/Pois/Air  39%        N/A       1%          3
f - Ignite Poison         Fire/Tmut/Pois 54%        N/A       0%          3
g - Starburst             Conj/Fire      33%        6d10      1%          6
h - Olgreb's Toxic Radia  Pois           40%        N/A       1%          4
i - Orb of Destruction    Conj           28%        9d9       1%          7
j - Borgnjor's Vile Clut  Necr/Erth      25%        N/A       1%          5
k - Ignition              Fire           37%        3d11      1%          8

Your spell library contained the following spells:

 Spells                   Type           Power      Damage    Failure   Level
 Magic Dart               Conj           100%       1d8       0%          1
 Necrotise                Necr           100%       1d9       0%          1
 Sandblast                Erth           98%        2d20      0%          1
 Sting                    Tmut/Pois      100%       1d8       0%          1
 Passwall                 Tmut/Erth      36%        N/A       0%          2
 Searing Ray              Conj           100%       2d8       0%          2
 Stone Arrow              Conj/Erth      100%       3d13      0%          3
 Flame Wave               Conj/Fire      66%        2d15      0%          4
 Slow                     Hex            64%        N/A       1%          1
 Blink                    Tloc           32%        N/A       1%          2
 Call Imp                 Summ           16%        N/A       1%          2
 Cigotuvi's Dreadful Rot  Necr/Pois/Air  74%        N/A       1%          2
 Momentum Strike          Conj/Tloc      76%        3d10      1%          2
 Poisonous Vapours        Pois/Air       56%        N/A       1%          2
 Wereblood                Tmut           39%        N/A       1%          2
 Dazzling Flash           Conj/Hex       76%        N/A       1%          3
 Spider Form              Tmut/Pois      40%        N/A       1%          3
 Anguish                  Hex/Necr       17%        N/A       1%          4
 Animate Armour           Summ/Erth      66%        N/A       1%          4
 Animate Dead             Necr           52%        N/A       1%          4
 Dispel Undead            Necr           52%        3d19      1%          4
 Fulminant Prism          Conj/Hex       19%        3d10      1%          4
 Iskenderun's Mystic Bla  Conj/Tloc      38%        2d9       1%          4
 Leda's Liquefaction      Hex/Erth       16%        N/A       1%          4
 Petrify                  Tmut/Erth      44%        N/A       1%          4
 Summon Ice Beast         Ice/Summ       30%        N/A       1%          4
 Agony                    Necr           52%        N/A       1%          5
 Blade Hands              Tmut           19%        N/A       1%          5
 Freezing Cloud           Conj/Ice/Air   20%        6-21      1%          5
 Irradiate                Conj/Tmut      25%        3d20      1%          5
 Death Channel            Necr           26%        N/A       1%          6
 Iron Shot                Conj/Erth      26%        9d6       1%          6
 Confusing Touch          Hex            16%        N/A       2%          3
 Lesser Beckoning         Tloc           32%        N/A       2%          3
 Summon Guardian Golem    Hex/Summ       16%        N/A       2%          3
 Statue Form              Tmut/Erth      29%        N/A       3%          6
 Yara's Violent Unravell  Hex/Tmut       14%        3d7       6%          5
 Cause Fear               Hex            8%         N/A       11%         4
 Manifold Assault         Tloc           16%        N/A       11%         4
 Summon Mana Viper        Hex/Summ       16%        N/A       30%         5
 Dragon Form              Tmut           19%        N/A       45%         7
 Spellforged Servitor     Conj/Summ      19%        N/A       47%         7
 Fire Storm               Conj/Fire      33%        8d8       47%         9
 Necromutation            Tmut/Necr      23%        N/A       86%         8
 Dispersal                Tloc           8%         N/A       90%         6
 Enfeeble                 Hex            8%         N/A       100%        7
 Monstrous Menagerie      Summ           8%         N/A       100%        7
 Disjunction              Tloc           8%         N/A       100%        8
 Chain Lightning          Conj/Air       19%        3d26      100%        9
 Dragon's Call            Summ           8%         N/A       100%        9
 Shatter                  Erth           24%        3d21*     100%        9


Dungeon Overview and Level Annotations

Branches:
Dungeon (15/15)            Temple (1/1) D:4            Lair (5/5) D:10
  Swamp (4/4) Lair:2        Snake (4/4) Lair:2        Slime (0/5) Lair:4
    Orc (2/2) D:10            Elf (3/3) Orc:2        Vaults (5/5) D:14
  Crypt (0/3) Vaults:3     Depths (2/4) D:15        Volcano (visited)
Gauntlet (visited)

Altars:
Ashenzari
Cheibriados
Dithmenos
Fedhas
Gozag
Hepliaklqana
Kikubaaqudgha
Makhleb
Qazlal
Ru
Sif Muna
Trog
Vehumet
Wu Jian
Xom
Yredelemnul

Shops:
D:3 !   D:6 *   D:8 [   D:11 *   D:15 [   Orc:2 ?=!*(   Snake:3 *==:
Vaults:2 (   Vaults:3 (   Depths:1 ((

Portals:
Hell: Lair:5 Depths:1 Depths:2
Abyss: Depths:2
Pandemonium: Depths:2

Annotations:
D:3 2 runed translucent doors, sirJeffrey23's ghost, amateur DsFi
D:13 1 runed translucent door
Snake:3 3 runed translucent doors, exclusion: obsidian statue, lotum's ghost, adept HOBe
Orc:1 1 runed translucent door, p00ps00p's ghost, journeyman HOFi


Innate Abilities, Weirdness & Mutations

You have a pair of large antennae on your head. (SInv)
You are completely covered in icy blue scales. (AC +4, rC+)
A demonic guardian rushes to your aid.
You are resistant to unholy torment.
When hurt, damage is shared between your health and your magic reserves.
You regenerate magic rapidly.
When low on magic, you restore magic in place of health.
You punish those that try to bend your will. (Will+)
You have large cloven feet.
[You are clumsy. (Dex -2)]
[Your body sometimes deteriorates upon taking damage.]
[You are extremely frail. (-30% HP)]
[You are vulnerable to heat. (rF-)]
[Your spells are easier to cast, but less powerful.]
[You occasionally lose the ability to read scrolls when taking damage.]


Message History

You hear a shout!
You hear a roar! x2
Unknown command.
You hear a bark!
As you open the door, it creaks loudly!
An efreet comes into view.
It is wielding a +1 scimitar of flaming.
A large abomination comes into view.
Your reaper hits the large abomination with a +2 scythe of flaming!!
Your reaper burns the large abomination.
What are your orders? t - Shout!
Orders for allies: a - Attack new target. r - Retreat! s - Stop attacking. g - Guard the area. f - Follow me.
Anything else - Cancel.
Gang up on whom?
Press: ? - help, Dir - move target, f - large abomination
Aim: a large abomination (severely damaged, ally target) Attack!
Your balrug gestures at the large abomination.
The large abomination is smitten.
The large abomination is destroyed!
You swap places.
You feel your health improve. What are your orders? t - Shout!
Orders for allies: a - Attack new target. r - Retreat! s - Stop attacking. g - Guard the area. f - Follow me.
Anything else - Cancel.
Gang up on whom?
Press: ? - help, Dir - move target, f - efreet
Aim: an efreet, wielding a +1 scimitar of flaming (ally target) Attack!
Your balrug hits the efreet with a +2 demon whip of flaming!
The efreet is engulfed in flames.
The efreet completely resists.
Your reaper hits the efreet from afar with a +2 scythe of flaming!
The efreet gestures at you.
The fireball explodes!
The fireball engulfs you!! The fire burns you terribly!
You feel threatened and lose the ability to read scrolls!
You die...

, * , * , , * , ,,
*,*{ * , * . ,* ,
{ * . , * , ** ,
{#. # * , *,*####
*..v. , * . , , *
#..###...., #. #
##### ##.#)..# , ,
# #..°###2#.,2**
** * , # .#.#..
#.@#2.#.# *
#{+...°.R2#...# #
# **,
,###.....###.#...#
,
#.#....#*###.†#...
* . . .#####{
#....§.# , ,..#. *
. .. ..#.. * * >*
#.. . *#{ #.§ .# #
# . t . ,{ { #§§..
* * , ,,


You could see an efreet (ally target), a friendly reaper (summoned) and a
friendly balrug (summoned).

Vanquished Creatures
  2 dread liches
  Sojobo (Vaults:5)
  Saint Roka (Vaults:4)
  5 golden dragons
  Nikola (Vaults:2)
  A bone dragon (Depths:2)
  An iron giant (Depths:2)
  3 doom hounds (Depths:2)
  Rupert (D:12)
  2 tentacled monstrosities
  2 liches
  5 deep elf blademasters
  3 deep elf master archers (Elf:3)
  Grunn (Depths:2)
  4 titans
  Kirke (Swamp:3)
  7 tengu reavers
  Donald (Orc:2)
  7 sphinxes
  5 shadow dragons
  4 nagarajas (Snake:4)
  The ghost of BubbleThief the Merchant of Misery, an adept DsNe of Kikubaaqudgha (Snake:1)
  6 fire giants
  A storm dragon (Vaults:5)
  7 deep elf sorcerers (Elf:3)
  4 frost giants
  2 iron dragons (Depths:2)
  Louise (Depths:2)
  Aizul (Snake:1)
  2 orc warlords
  20 vault wardens
  20 ironbound preservers
  A deep elf elementalist (Elf:3)
  3 reapers (Depths:2)
  12 stone giants
  3 war gargoyles
  13 very ugly things
  5 eleionomae
  A vampire knight (Depths:1)
  5 ironbound thunderhulks
  An eleionoma (shapeshifter) (Vaults:5)
  A minotaur (Gauntlet)
  13 dire elephants
  An ophan (Depths:1)
  Azrael (Snake:2)
  A bunyip (shapeshifter) (Vaults:2)
  8 deep elf annihilators
  2 deep elf demonologists (Vaults:5)
  4 bunyips
  The ghost of blackman the Severer, a journeyman HuDe of Cheibriados (Orc:2)
  4 deep elf death magi
  A red draconian (Vaults:2)
  A crystal guardian (Vaults:2)
  An eidolon (Vaults:3)
  10 ettins
  6 deep elf high priests
  11 yaktaur captains
  Josephine (Lair:3)
  8 fire dragons
  9 great orbs of eyes
  An ice dragon (Depths:2)
  3 peacekeepers
  3 salamander tyrants
  Erolcha (D:10)
  19 hydras
  3 rakshasas
  A spriggan air mage (Depths:1)
  45 vault guards
  5 ogre magi
  9 ironbound frosthearts
  8 boulder beetles
  11 centaur warriors
  Erica (Orc:2)
  A death knight (D:15)
  19 two-headed ogres
  6 alligators
  5 anacondas
  5 deep troll earth magi
  An anaconda (shapeshifter) (Vaults:5)
  3 deep troll shamans
  24 dancing weapons
  A death scarab (Gauntlet)
  2 vampire magi
  23 deep elf knights
  7 naga warriors
  4 tengu warriors
  A spriggan berserker (Depths:2)
  Nergalle (Orc:1)
  A hell knight (Volcano)
  11 naga sharpshooters
  5 orc high priests (Orc:2)
  4 shock serpents
  2 sixfirhies
  A fire crab (Swamp:4)
  2 sun demons
  8 salamander mystics
  4 iron trolls
  A shadow wraith (Vaults:4)
  3 sea snakes (Snake:3)
  A glowing orange brain (Vaults:2)
  4 goliath frogs
  5 swamp dragons
  4 spriggan druids
  36 deep trolls
  4 starcursed masses
  5 naga ritualists
  12 wizards
  15 deep elf archers
  A spriggan simulacrum (Abyss:4)
  5 bog bodies
  23 ironbound convokers
  3 necromancers
  42 ugly things
  5 phantasmal warriors
  9 harpies
  11 lindwurms
  34 deep elf pyromancers
  8 orc knights
  7 cyclopes
  6 mana vipers
  3 shining eyes (Depths:1)
  An orc sorcerer (Orc:1)
  3 oklob plants (Lair:1)
  A manticore (shapeshifter) (Vaults:2)
  33 deep elf zephyrmancers
  2 manticores (D:14)
  24 salamanders
  A centaur zombie (D:15)
  8 elephants
  An elephant (shapeshifter) (Elf:1)
  4 will-o-the-wisps
  21 black mambas
  7 guardian serpents
  An eye of devastation (Depths:1)
  A worldbinder (Abyss:4)
  29 vault sentinels
  2 smoke demons
  A gargoyle (Gauntlet)
  18 naga magi
  Joseph (D:10)
  A cane toad (shapeshifter) (D:13)
  A hellion (Abyss:3)
  A torpor snail (Lair:4)
  2 centaur skeletons (D:15)
  15 cane toads
  2 unseen horrors
  3 orange demons
  A kobold demonologist (D:9)
  2 tormentors (Depths:2)
  19 yaktaurs
  8 rime drakes
  3 demonic crawlers (Elf:2)
  3 tengu conjurers
  8 komodo dragons
  An efreet (D:14)
  2 freezing wraiths
  An ancient zyme (Abyss:4)
  3 bloated husks
  3 meliai (D:15)
  A harpy skeleton (Abyss:3)
  3 ice devils (Lair:5)
  12 tyrant leeches
  A polar bear (Lair:1)
  A meliai (shapeshifter) (Vaults:5)
  8 trolls
  A polar bear (shapeshifter) (Vaults:2)
  8 blink frogs
  3 hornets
  30 slime creatures
  3 dream sheep (Lair:5)
  6 spriggans
  6 air elementals
  3 water elementals
  7 wraiths
  2 wyverns (Lair:2)
  7 shadows
  4 vampires
  A ynoxinul (Abyss:3)
  3 chaos spawn
  7 fire elementals
  3 fire bats (Swamp:4)
  55 yaks
  4 basilisks
  4 hogs (Swamp:3)
  2 neqoxecs (Abyss:3)
  3 golden eyes (Depths:1)
  A golden eye (shapeshifter) (Elf:2)
  A spectral komodo dragon (Gauntlet)
  A human (shapeshifter) (Elf:1)
  5 steam dragons (Swamp:4)
  2 small abominations (Abyss:3)
  Menkaure (D:6)
  10 vampire mosquitoes
  49 nagas
  14 swamp worms
  A warg (Orc:2)
  2 acid dragons
  9 water moccasins
  A floating eye (Depths:1)
  8 swamp drakes
  7 hell hounds
  50 orc warriors
  An ice beast (D:7)
  3 black bears
  8 ogres
  6 boggarts
  3 centaurs (D:9)
  15 wolves
  5 kobold brigands
  2 gnoll sergeants
  A necrophage (D:5)
  5 earth elementals
  4 bullfrogs
  A scorpion (D:6)
  33 wights
  18 killer bees
  An electric eel (Snake:3)
  A lava snake (Swamp:4)
  2 crimson imps
  Crazy Yiuf (D:3)
  26 orc priests
  5 hounds
  7 jellies
  An iron imp (D:9)
  Terence (D:3)
  2 iguanas
  25 orc wizards
  5 hell rats
  Robin (D:3)
  9 gnolls
  11 adders
  2 shadow imps
  4 white imps
  2 worms
  101 orcs
  3 bats
  18 endoplasms
  5 giant cockroaches
  15 goblins
  10 hobgoblins
  2 jackals
  3 quokkas
  9 ball pythons
  6 frilled lizards
  32 kobolds
  7 rats
1759 creatures vanquished.

Vanquished Creatures (collateral kills)
  A golden dragon (Vaults:4)
  A sphinx (Vaults:5)
  A deep elf sorcerer (Elf:3)
  A vault warden (Vaults:5)
  A stone giant (Depths:1)
  2 ironbound thunderhulks
  A deep elf annihilator (Elf:3)
  A bunyip (Swamp:2)
  An ice dragon (Depths:1)
  A vault guard (Vaults:3)
  2 boulder beetles
  A catoblepas (Gauntlet)
  A deep troll earth mage (Vaults:5)
  An alligator (Swamp:2)
  A deep troll (Vaults:5)
  2 swamp dragons
  A bog body (Swamp:4)
  2 lindwurms
  A mana viper (shapeshifter) (Vaults:4)
  An ugly thing (D:14)
  A gargoyle (D:11)
  A smoke demon (Abyss:4)
  A tormentor (Abyss:4)
  A blink frog (Lair:4)
  A large abomination (Abyss:4)
  An orc warrior (Orc:2)
  An orc wizard (D:11)
  3 orcs
34 creatures vanquished.

Vanquished Creatures (others)
  A deep elf pyromancer (D:15)
  A bloated husk (Swamp:2)
  A chaos spawn (Abyss:3)
  2 swamp drakes
  An orc wizard (D:9)
  A shadow imp (D:9)
  3 orcs
  21 foxfires
  37 fungi
  30 plants
  14 withered plants (Gauntlet)
112 creatures vanquished.

Grand Total: 1905 creatures vanquished

Notes
Turn   | Place    | Note
-------+----------+-------------------------------------------
     0 | D:1      | Shayle the Demonspawn Reaver began the quest for the Orb.
     0 | D:1      | Reached XP level 1. HP: 16/16 MP: 3/3
   193 | D:1      | Gained mutation: You are partially covered in icy blue
                  | scales. (AC +2) [demonic ancestry]
   193 | D:1      | Reached XP level 2. HP: 20/22 MP: 5/5
   548 | D:1      | You fall into a shaft and drop 1 floor!
   656 | D:2      | Reached skill level 1 in Stealth
   662 | D:2      | Reached XP level 3. HP: 27/28 MP: 6/6
   841 | D:1      | Reached skill level 1 in Armour
  1369 | D:2      | Learned a level 3 spell: Vampiric Draining
  1467 | D:2      | Reached XP level 4. HP: 34/34 MP: 7/7
  1751 | D:3      | Noticed Robin
  1829 | D:3      | Noticed Terence
  1830 | D:3      | Found a runed translucent door.
  1870 | D:3      | Killed Terence
  2105 | D:3      | Killed Robin
  2106 | D:3      | Reached skill level 1 in Necromancy
  2275 | D:3      | Noticed sirJeffrey23's ghost (amateur DsFi)
  2275 | D:3      | Noticed a bullfrog
  2415 | D:3      | Gained mutation: You regenerate magic rapidly. [demonic
                  | ancestry]
  2415 | D:3      | Reached XP level 5. HP: 36/41 MP: 8/8
  2767 | D:3      | Found a blossoming altar of Fedhas.
  2770 | D:3      | Found an ancient bone altar of Kikubaaqudgha.
  2811 | D:3      | Found Kenill's Distillery.
  2842 | D:3      | Bought a potion of curing for 33 gold pieces
  2842 | D:3      | Bought a potion of heal wounds for 55 gold pieces
  2842 | D:3      | Bought a potion of curing for 33 gold pieces
  2842 | D:3      | Bought a potion of curing for 33 gold pieces
  2849 | D:3      | Found a runed translucent door.
  2869 | D:3      | Found a runed translucent door.
  2870 | D:3      | Noticed Crazy Yiuf
  3217 | D:4      | Found a staircase to the Ecumenical Temple.
  3224 | Temple   | Entered the Ecumenical Temple
  3245 | Temple   | Became a worshipper of Ashenzari the Shackled
  3490 | D:4      | Reached XP level 6. HP: 47/47 MP: 9/9
  3789 | D:5      | Entered Level 5 of the Dungeon
  4882 | D:6      | Reached XP level 7. HP: 51/53 MP: 10/10
  4927 | D:6      | Learned a level 3 spell: Hailstorm
  5401 | D:6      | Found a snail-covered altar of Cheibriados.
  5518 | D:6      | Reached skill level 1 in Ice Magic
  5544 | D:6      | Paralysed by a gnoll for 4 turns
  5686 | D:6      | Gained mutation: You are mostly covered in icy blue scales.
                  | (AC +3) [demonic ancestry]
  5686 | D:6      | Reached XP level 8. HP: 60/60 MP: 12/12
  5830 | D:6      | Found Ukkeuteg's Serpentskin Sales.
  5834 | D:6      | Bought 2 curare-tipped darts for 16 gold pieces
  5998 | D:6      | Noticed Menkaure
  6003 | D:6      | Killed Menkaure
  6522 | D:7      | Gained mutation: When hurt, damage is shared between your
                  | health and your magic reserves. [demonic ancestry]
  6522 | D:7      | Reached XP level 9. HP: 67/67 MP: 14/14
  6529 | D:7      | Reached skill level 5 in Polearms
  6533 | D:7      | Reached skill level 5 in Fighting
  6835 | D:7      | Learned a level 4 spell: Sticky Flame
  7373 | D:8      | Noticed a troll
  7387 | D:7      | Reached skill level 5 in Necromancy
  7401 | D:7      | Reached skill level 1 in Fire Magic
  7873 | D:8      | Reached skill level 5 in Conjurations
  7955 | D:8      | Found Yxkeanel's Antique Armour Emporium.
  8134 | D:8      | Reached skill level 2 in Fire Magic
  8661 | D:9      | Noticed a troll
  8668 | D:9      | Killed a troll
  8669 | D:9      | Gained mutation: You are completely covered in icy blue
                  | scales. (AC +4, rC+) [demonic ancestry]
  8669 | D:9      | Reached XP level 10. HP: 76/76 MP: 11/17
  8788 | D:9      | Reached skill level 5 in Armour
  8806 | D:9      | Reached skill level 5 in Spellcasting
  9025 | D:9      | Reached skill level 3 in Fire Magic
  9237 | D:10     | Entered Level 10 of the Dungeon
  9588 | D:10     | Noticed a two-headed ogre
  9930 | D:10     | Found a staircase to the Orcish Mines.
  9945 | D:10     | Killed a two-headed ogre
 10261 | D:9      | Noticed a deep elf zephyrmancer
 10262 | D:9      | Noticed a deep elf zephyrmancer
 10267 | D:9      | Killed a deep elf zephyrmancer
 10268 | D:9      | Gained mutation: A weak demonic guardian rushes to your
                  | aid. [demonic ancestry]
 10268 | D:9      | Reached XP level 11. HP: 83/83 MP: 4/19
 10282 | D:9      | Killed a deep elf zephyrmancer
 10283 | D:9      | Reached skill level 4 in Fire Magic
 10283 | D:9      | Reached skill level 5 in Ice Magic
 11015 | D:10     | Noticed Joseph
 11032 | D:10     | Killed Joseph
 11184 | D:10     | Found a staircase to the Lair.
 11191 | Lair:1   | Entered Level 1 of the Lair of Beasts
 11551 | Lair:1   | Found a blossoming altar of Fedhas.
 11553 | Lair:1   | Noticed an oklob plant
 11553 | Lair:1   | Noticed an oklob plant
 11836 | Lair:1   | Noticed an oklob plant
 11992 | Lair:2   | Found a staircase to the Swamp.
 12061 | Lair:2   | Found a dark tunnel.
 12068 | Volcano  | Entered a volcano
 12084 | Volcano  | Noticed an ogre mage
 12087 | Volcano  | Found a radiant altar of Vehumet.
 12088 | Volcano  | Noticed a hell knight
 12096 | Volcano  | Killed an ogre mage
 12097 | Volcano  | Noticed a two-headed ogre
 12097 | Volcano  | Noticed a two-headed ogre
 12104 | Volcano  | Killed a two-headed ogre
 12106 | Volcano  | Killed a two-headed ogre
 12250 | Volcano  | Noticed a two-headed ogre
 12257 | Volcano  | Killed a two-headed ogre
 12258 | Volcano  | Reached skill level 5 in Fire Magic
 12262 | Volcano  | Noticed a two-headed ogre
 12271 | Volcano  | Killed a two-headed ogre
 12322 | Volcano  | Noticed a two-headed ogre
 12324 | Volcano  | Noticed a two-headed ogre
 12336 | Volcano  | Killed a two-headed ogre
 12337 | Volcano  | Gained mutation: You have a pair of small antennae on your
                  | head. [demonic ancestry]
 12337 | Volcano  | Reached XP level 12. HP: 9/92 MP: 0/22
 12349 | Volcano  | HP: 1/92 [hell knight/+2 halberd of flaming (4)]
 12356 | Volcano  | HP: 2/92 [two-headed ogre/+0 giant club of flaming (2)]
 12357 | Volcano  | Killed a two-headed ogre
 12934 | Lair:2   | Reached * piety under Ashenzari
 12935 | Lair:2   | Reached skill level 6 in Fire Magic
 12935 | Lair:2   | Gained mutation: You have a pair of antennae on your head.
                  | [demonic ancestry]
 12935 | Lair:2   | Reached XP level 13. HP: 101/101 MP: 23/25
 13271 | Lair:2   | Found a staircase to the Snake Pit.
 14115 | Lair:3   | Reached ** piety under Ashenzari
 14393 | Lair:3   | Reached skill level 7 in Fire Magic
 14810 | Lair:3   | Noticed Josephine
 15010 | Lair:3   | Killed Josephine
 15222 | Lair:4   | Found a staircase to the Slime Pits.
 16268 | Lair:5   | Entered Level 5 of the Lair of Beasts
 17332 | Lair:5   | Reached skill level 8 in Fire Magic
 17332 | Lair:5   | Gained mutation: A demonic guardian rushes to your aid.
                  | [demonic ancestry]
 17332 | Lair:5   | Reached XP level 14. HP: 111/111 MP: 24/28
 17692 | D:10     | Reached skill level 10 in Conjurations
 17706 | D:10     | Noticed Erolcha
 17720 | D:10     | Killed Erolcha
 18237 | D:11     | Found Nistri's Neck Hole.
 18263 | D:11     | Found a gate leading to a gauntlet.
 18268 | Gauntlet | Entered a Gauntlet
 18268 | Gauntlet | Found a transporter.
 18268 | Gauntlet | Found a transporter.
 18271 | Gauntlet | Found a transporter.
 18272 | Gauntlet | Found a transporter.
 18273 | Gauntlet | Found a transporter.
 18273 | Gauntlet | Identified the +1 pair of gloves of the Eternal Void {rElec
                  | rPois rN+ Str-2}
 18283 | Gauntlet | Found a transporter.
 18291 | Gauntlet | Found a transporter.
 18296 | Gauntlet | Found a transporter.
 18297 | Gauntlet | Found a transporter.
 18303 | Gauntlet | Found a transporter.
 18303 | Gauntlet | Found the +18 shield of the Gong {rElec rN+ Will+ EV-5}
 18304 | Gauntlet | Found a transporter.
 18326 | Gauntlet | Found a transporter.
 18327 | Gauntlet | Identified the +0 pair of gloves of Xalaest {rElec rF+
                  | Will+ Stlth-}
 18909 | Gauntlet | Identified the Grimoire of Transfiguration
 18909 | Gauntlet | Identified the ring "Haankol" {rPois rF+ rC- rCorr Int+3}
 18909 | Gauntlet | Identified Uxuntar's Omnibus of the Gusty Figure
 19250 | D:11     | Learned a level 3 spell: Mephitic Cloud
 19254 | D:11     | Learned a level 3 spell: Ignite Poison
 19797 | Lair:4   | Reached skill level 10 in Fighting
 19909 | Lair:5   | Reached skill level 1 in Poison Magic
 20092 | Lair:5   | Reached skill level 1 in Shields
 20239 | Lair:5   | Reached skill level 1 in Transmutations
 21415 | Lair:5   | Found a burning altar of Makhleb.
 21420 | Lair:5   | Found a gateway to Hell.
 21664 | Lair:1   | Reached skill level 10 in Spellcasting
 21818 | Orc:1    | Entered Level 1 of the Orcish Mines
 21900 | D:10     | Learned a level 6 spell: Starburst
 21910 | Orc:1    | Reached skill level 10 in Armour
 22021 | Orc:1    | Found a runed translucent door.
 22029 | Orc:1    | Noticed p00ps00p's ghost (journeyman HOFi)
 22197 | Orc:2    | Entered Level 2 of the Orcish Mines
 22201 | Orc:2    | Found a runed translucent door.
 22205 | Orc:2    | Found a shimmering altar of Xom.
 22205 | Orc:2    | Found a staircase to the Elven Halls.
 22205 | Orc:2    | Found the +3 robe of Clouds {*Thunder rCloud rElec}
 22205 | Orc:2    | Noticed blackman's ghost (journeyman HuDe)
 22219 | Orc:2    | Reached skill level 9 in Fire Magic
 22857 | Orc:2    | Found Duuz Riggi's Magic Scroll Boutique.
 22894 | Orc:2    | Bought a scroll of teleportation for 51 gold pieces
 23235 | Orc:1    | Gained mutation: When low on magic, you restore magic in
                  | place of health. [demonic ancestry]
 23235 | Orc:1    | Reached XP level 15. HP: 109/120 MP: 20/30
 23533 | Orc:2    | Noticed Donald
 23615 | Orc:2    | Killed Donald
 24069 | Orc:2    | Found Dotunwu's Distillery.
 24069 | Orc:2    | Found Kefrid's Jewellery Emporium.
 24070 | Orc:2    | Found Fopakhoc's Weapon Emporium.
 24070 | Orc:2    | Found Cega's General Store.
 24085 | Orc:2    | Bought the amulet of Xom's Supremacy {Reflect +Inv Will+
                  | Str+4 SH+5} for 696 gold pieces
 24096 | Orc:2    | Bought a potion of mutation for 120 gold pieces
 24096 | Orc:2    | Bought a scroll of poison for 60 gold pieces
 24099 | Orc:2    | Bought a potion of haste for 150 gold pieces
 24099 | Orc:2    | Bought a potion of resistance for 150 gold pieces
 24099 | Orc:2    | Bought a potion of curing for 45 gold pieces
 24099 | Orc:2    | Bought a potion of haste for 150 gold pieces
 24260 | Orc:1    | Noticed Nergalle
 24269 | Orc:1    | Killed Nergalle
 24545 | Orc:1    | Noticed Erica
 24675 | Orc:2    | Killed Erica
 25637 | D:3      | Bought a potion of heal wounds for 55 gold pieces
 25637 | D:3      | Bought a potion of heal wounds for 55 gold pieces
 25661 | D:3      | Killed Crazy Yiuf
 25966 | Swamp:1  | Entered Level 1 of the Swamp
 26303 | D:11     | Identified the +5 scale mail of Panentheism {Harm rF+++
                  | Dex-4 Stlth+}
 26748 | D:11     | Identified the +2 plate armour of the Dice {-Cast rElec
                  | Dex+2}
 27292 | D:12     | Noticed Rupert
 27412 | D:12     | Killed Rupert
 28156 | D:12     | Identified the ring of Haderurphe {Str+6 Int+5 Stlth-}
 28304 | D:13     | Found a runed translucent door.
 30077 | D:14     | Found an ornate altar of the Wu Jian Council.
 30549 | D:14     | Reached skill level 5 in Poison Magic
 30661 | D:14     | Reached skill level 10 in Necromancy
 31721 | Elf:1    | Entered Level 1 of the Elven Halls
 31731 | Elf:1    | Reached XP level 16. HP: 64/130 MP: 7/32
 31915 | Orc:2    | Learned a level 4 spell: Olgreb's Toxic Radiance
 31923 | Orc:2    | Learned a level 7 spell: Orb of Destruction
 32774 | Elf:1    | Reached skill level 5 in Shields
 32774 | Elf:1    | Reached skill level 5 in Transmutations
 32778 | Elf:1    | Reached skill level 10 in Fire Magic
 33346 | D:14     | Found a gate to the Vaults.
 33410 | D:15     | Entered Level 15 of the Dungeon
 33971 | D:15     | Found Ineonwug's Armour Shoppe.
 33990 | D:15     | Found a stormy altar of Qazlal.
 34251 | D:15     | Found a staircase to the Depths.
 35406 | Swamp:1  | Noticed a tentacled monstrosity
 35427 | Swamp:1  | Killed a tentacled monstrosity
 37717 | Swamp:3  | Reached *** piety under Ashenzari
 37833 | Swamp:3  | Noticed Kirke
 37852 | Swamp:3  | Reached XP level 17. HP: 142/142 MP: 16/34
 37852 | Swamp:3  | Killed Kirke
 38105 | Swamp:4  | Entered Level 4 of the Swamp
 39659 | Swamp:4  | Reached skill level 11 in Fire Magic
 40723 | Swamp:4  | Got a decaying rune of Zot
 40811 | Swamp:4  | Noticed a tentacled monstrosity
 40821 | Swamp:4  | Killed a tentacled monstrosity
 41374 | Snake:1  | Entered Level 1 of the Snake Pit
 41506 | Snake:1  | Noticed Aizul
 41514 | Snake:1  | Killed Aizul
 41639 | Snake:1  | Found a runed translucent gate.
 41639 | Snake:1  | Found a runed translucent gate.
 41641 | Snake:1  | Found a runed translucent gate.
 41642 | Snake:1  | Noticed BubbleThief's ghost (adept DsNe)
 42445 | Snake:2  | Noticed Azrael
 42455 | Snake:2  | Killed Azrael
 42799 | Snake:2  | Identified the +4 quarterstaff of Sarati {venom, rPois rF+
                  | rC+ Int+4}
 43691 | Snake:3  | Reached skill level 12 in Fire Magic
 43880 | Snake:3  | Found Xeopun's Book Shop.
 43880 | Snake:3  | Found Jusevoan's Jewellery Shoppe.
 43881 | Snake:3  | Found Dumin's Jewellery Shoppe.
 43881 | Snake:3  | Found a runed translucent gate.
 43881 | Snake:3  | Found a runed translucent gate.
 43881 | Snake:3  | Found a runed translucent gate.
 43893 | Snake:3  | Bought a book of Unlife for 540 gold pieces
 43899 | Snake:3  | Learned a level 5 spell: Borgnjor's Vile Clutch
 44105 | Snake:3  | Reached skill level 1 in Earth Magic
 44301 | Snake:3  | Found an opulent altar of Gozag.
 44304 | Snake:3  | Found Goshrykk's Assorted Antiques.
 44304 | Snake:3  | Noticed lotum's ghost (adept HOBe)
 44891 | Snake:4  | Entered Level 4 of the Snake Pit
 45433 | Snake:4  | Reached XP level 18. HP: 149/149 MP: 21/34
 46494 | Snake:4  | Found a hazy altar of Hepliaklqana.
 47193 | Snake:4  | Reached skill level 5 in Earth Magic
 47419 | Snake:3  | Upgraded the game from 0.30-a0-534-gdc55766716 to
                  | 0.30-a0-540-g0af01429fa
 48150 | Snake:4  | Got a serpentine rune of Zot
 48593 | Snake:1  | Killed BubbleThief's ghost
 49093 | Elf:1    | Paralysed by an air elemental for 1 turns
 49097 | Elf:1    | Paralysed by an air elemental for 1 turns
 49101 | Elf:1    | Paralysed by an air elemental for 1 turns
 49178 | Elf:1    | Identified the +3 leather armour of the Clam {Fly rPois
                  | rCorr Int-5}
 49322 | Elf:1    | Identified the Parchment of Flinty Clouds
 50283 | Elf:2    | Reached skill level 13 in Fire Magic
 50882 | Elf:2    | Found a runed translucent gate.
 50883 | Elf:2    | Found a runed translucent gate.
 50884 | Elf:2    | Found a runed translucent gate.
 50912 | Elf:2    | Paralysed by an air elemental for 1 turns
 51229 | Elf:2    | Reached skill level 15 in Fighting
 51302 | Elf:2    | Reached XP level 19. HP: 157/157 MP: 28/36
 51766 | Elf:3    | Entered Level 3 of the Elven Halls
 52741 | Elf:3    | Reached skill level 14 in Fire Magic
 52908 | Elf:3    | Identified the +2 chain mail of Agoraphobia {Harm Drain
                  | Str+8}
 52936 | Elf:3    | Paralysed by an air elemental for 1 turns
 53807 | Elf:3    | Identified the +8 trident "Conservator" {freeze, Str+6
                  | Dex+4 Stlth-}
 53807 | Elf:3    | Identified the ring "Poqumefu" {Wiz Will+ Str+4}
 53859 | Elf:3    | Identified the +0 troll leather armour of the Harp {rN+
                  | Regen+ Int+4 Dex-2}
 54087 | Elf:3    | Paralysed by an air elemental for 1 turns
 54584 | Elf:3    | Identified the +7 great sword "Atoczeol" {freeze, *Slow
                  | rC+++ Dex+5}
 54853 | Elf:3    | Identified the +0 scale mail "Qyicifao" {Rampage rC+
                  | Stlth+}
 54921 | Elf:3    | Identified the Volume of Transforming Black Mysteries
 54953 | Elf:3    | Identified the Lessons on Transfiguration and the Legion
 54953 | Elf:3    | Identified the +0 helmet of Tom Nuk {rF++ rC- Stlth+}
 54988 | Elf:3    | Identified the Opusculum on Malediction
 54989 | Elf:3    | Found the +1 cloak of Starlight {*Dazzle EV+4 Stlth--}
 54996 | Elf:3    | Identified the Compilation of the Kinetic Geologist
 55375 | Vaults:1 | Entered Level 1 of the Vaults
 55447 | Vaults:1 | Reached skill level 15 in Fire Magic
 56109 | Vaults:1 | Reached XP level 20. HP: 109/166 MP: 2/40
 56374 | Vaults:1 | Learned a level 8 spell: Ignition
 56817 | Vaults:1 | Reached skill level 15 in Spellcasting
 57488 | Vaults:1 | Reached skill level 16 in Fire Magic
 58306 | Vaults:2 | Found Ehic's Weapon Boutique.
 58547 | Vaults:2 | Noticed Nikola
 58553 | Vaults:2 | Killed Nikola
 59518 | Vaults:2 | Reached skill level 17 in Fire Magic
 60311 | Vaults:2 | Identified the +1 robe of the Evening Star {rElec rPois rF+
                  | Int-3 Archmagi}
 60444 | Vaults:2 | Identified the +6 sling of Hacking and Slashing {drain,
                  | rC+}
 60491 | Vaults:2 | Gained mutation: You punish those that try to bend your
                  | will. (Will+) [demonic ancestry]
 60491 | Vaults:2 | Reached XP level 21. HP: 148/169 MP: 3/43
 61660 | Vaults:3 | Reached skill level 18 in Fire Magic
 61963 | Vaults:3 | Found Weggumed's Weapon Shoppe.
 61981 | Vaults:3 | Identified the +8 flail of World's End {venom, Str+2}
 62781 | Vaults:3 | Found a staircase to the Crypt.
 62943 | Vaults:4 | Noticed Saint Roka
 62950 | Vaults:4 | Killed Saint Roka
 63350 | Vaults:4 | Noticed a golden dragon
 63366 | Vaults:4 | Killed a golden dragon
 63852 | Vaults:4 | Noticed a golden dragon
 63860 | Vaults:4 | Killed a golden dragon
 65033 | Vaults:5 | Entered Level 5 of the Vaults
 65035 | Vaults:5 | Reached skill level 19 in Fire Magic
 65035 | Vaults:5 | Gained mutation: You have a pair of large antennae on your
                  | head. (SInv) [demonic ancestry]
 65035 | Vaults:5 | Reached XP level 22. HP: 179/179 MP: 41/45
 65036 | Vaults:5 | Noticed a golden dragon
 65834 | Orc:2    | Killed blackman's ghost
 66546 | Vaults:5 | Noticed a golden dragon
 66560 | Vaults:4 | Killed a golden dragon
 67529 | Vaults:5 | Noticed a dread lich
 67628 | Vaults:4 | Killed a dread lich
 67827 | Vaults:5 | Noticed a golden dragon
 67834 | Vaults:5 | Killed a golden dragon
 68104 | Vaults:5 | Noticed Sojobo
 68113 | Vaults:5 | Noticed a dread lich
 68114 | Vaults:5 | Identified the +1 arbalest "Ogreslayer" {flame, rElec rC++}
 68114 | Vaults:5 | Identified the ring "Zoikh" {rElec rPois Str+3 Int+3}
 68193 | Vaults:5 | Identified the ring "Ettis" {Int+3 Dex+6}
 68494 | Vaults:5 | Reached skill level 20 in Fire Magic
 69225 | Vaults:5 | Identified the ring "Efapsu" {rF+ rC+}
 69474 | Vaults:5 | Paralysed by a dread lich for 5 turns
 69475 | Vaults:5 | Killed a dread lich
 69534 | Vaults:5 | Killed Sojobo
 69942 | Vaults:5 | Killed a golden dragon
 70162 | Vaults:5 | Noticed a golden dragon
 70169 | Vaults:5 | Killed a golden dragon
 70264 | Vaults:5 | Identified the +7 dire flail of Wamuonno {flame, Str+5
                  | Stlth+}
 70308 | Vaults:5 | Identified the +1 robe "Luschulyq" {*Corrode Fly Dex+6}
 70381 | Vaults:5 | Identified the +4 long sword "Zeppeyte" {venom, Str+5}
 70385 | Vaults:5 | Got a silver rune of Zot
 71576 | Depths:1 | Entered Level 1 of the Depths
 72109 | Depths:1 | Found Eno Ypem's Weapon Shoppe.
 72182 | Depths:1 | Found Isuybec's Antique Weapon Shop.
 72366 | Depths:1 | Gained mutation: You are resistant to unholy torment.
                  | [demonic ancestry]
 72366 | Depths:1 | Reached XP level 23. HP: 159/181 MP: 11/47
 72797 | Depths:1 | Paralysed by a floating eye for 3 turns
 72927 | Depths:2 | Found a one-way gate leading to the halls of Pandemonium.
 73572 | Depths:2 | Reached skill level 21 in Fire Magic
 73725 | Depths:2 | Noticed Grunn
 74367 | Depths:2 | Found the +10 dark maul {vorpal}
 74511 | Depths:2 | Noticed Louise
 74518 | Depths:2 | Killed Louise
 74551 | Depths:2 | Found a one-way gate to the infinite horrors of the Abyss.
 74622 | Depths:2 | Killed Grunn
 74687 | Abyss:3  | Cast into level 3 of the Abyss (reaper)
 74936 | Abyss:3  | Gained mutation: [You occasionally lose the ability to read
                  | scrolls when taking damage.] [a neqoxec]
 74986 | Abyss:3  | Lost mutation: [You occasionally lose the ability to read
                  | scrolls when taking damage.] [potion of mutation]
 74986 | Abyss:3  | Gained mutation: You have large cloven feet. [potion of
                  | mutation]
 75010 | Abyss:4  | Found a corrupted altar of Lugonu.
 75219 | Abyss:4  | Killed from afar by an efreet

Illustrated notes

Levels and vault maps discovered:
D:1:      wander_arrival_desolate, layout_basic, minmay_octomino_c4
D:2:      layout_basic
D:3:      layout_basic, grunt_temple_overflow_growth_and_decay,
          ebering_ghost_sewer_f, serial_shops, shop, kennysheep_generic_room_10,
          uniq_terence, uniq_robin, uniq_crazy_yiuf_cottage
D:4:      layout_loops_ring, temple_green
D:5:      layout_basic
D:6:      layout_cave_pools, cheibrodos_worm_habitat, minmay_misc_feat_tiny,
          minmay_misc_feat_rugged, guppyfry_shop_venom, uniq_menkaure
D:7:      layout_loops_ring
D:8:      layout_rooms, serial_shops, shop, minivault_23,
          nicolae_fountain_basement
D:9:      layout_basic, hangedman_minor_magic
D:10:     layout_irregular_city, lair_entry_dummy, orc_0_dummy, uniq_joseph,
          uniq_erolcha
D:11:     minmay_shrinking_squares, layout_irregular_city,
          gauntlet_entry_generic, st_stairs_2, nicolae_shop_sticking_my_neck_out
D:12:     layout_basic, billiards_dpeg, uniq_rupert
D:13:     layout_basic, lightli_church_of_beogh
D:14:     layout_roguey, david_vaults_2, nrook_campfire,
          nzn_wu_jian_council_hall
D:15:     grunt_enter_depths_magical_seal, layout_rooms, serial_shops, shop,
          grunt_qazlal_clouds
Temple:   hellmonk_temple_of_storms
Lair:1:   lemuel_slime, layout_misc_corridors, st_stairs_11,
          hangedman_tree_tricks
Lair:2:   layout_concentric_octagons, swamp_mist,
          minmay_snake_entry_guardpost_large, enter_volcano_1
Lair:3:   layout_layer_cave, uniq_josephine
Lair:4:   layout_regular_city, slime_entry_1
Lair:5:   evil_forest, layout_cave_shapes, grunt_megastairs_4,
          infiniplex_staircase_pool_2
Swamp:1:  cheibrodos_swamp_monstrosity, layout_falls_marsh,
          nicolae_swamp_bean_lake
Swamp:2:  layout_basic_swamp, hangedman_swamp_ruin_wall
Swamp:3:  layout_falls_marsh, hangedman_swamp_diagram, uniq_kirke
Swamp:4:  swamp_fiery, layout_basic_swamp, swamp_pool1,
          nicolae_swamp_dense_foliage, infiniplex_staircase_pool
Snake:1:  layout_onion, ebering_ghost_rock_garden, uniq_aizul
Snake:2:  layout_cave_town, nicolae_integral_box, serial_bayou_shore_b,
          uniq_azrael
Snake:3:  layout_gridlike, ebering_ghost_gozag, minmay_shop_grove,
          lemuel_fruit_tree, serial_bayou_shore_a
Snake:4:  johnstein_snake_rune_scales, layout_cave_shapes, basic_altar
Orc:1:    layout_caves, hellmonk_ghost_happy_afterlife, uniq_erica,
          uniq_nergalle
Orc:2:    st_orc_pillars, layout_caves, serial_shops, nicolae_diamond_shop,
          ebering_ghost_xom, uniq_donald
Elf:1:    minmay_elf_arrival_circle, layout_loops_corners,
          minmay_checkered_concentric_circles
Elf:2:    elven_hall_of_blades_hangedman_original [mumra_blade_entry_bloodbath],
          layout_geoelf_grid, serial_corexii_hall, corexii_hall_statues_i,
          chequers_hall_statues_wall_a, einodemon_crawler_minivault
Elf:3:    minmay_elf_hall_furrowed, layout_onion_city, serial_sigils,
          serial_sigils_hangedman_quiver, serial_sigils_hangedman_scratch,
          serial_sigils_hangedman_leer, serial_sigils_hangedman_confine,
          elves_outpost_lemuel
Vaults:1: vaults_dpeg_hooks, v_misc_2, nicolae_vaults_yaktaur_gun_rack,
          st_cells, v_misc_22, vaults_dpeg_ring, v_misc_22, v_misc_15,
          nicolae_vaults_border_crossing, vaults_standard_mumra_x,
          nicolae_vaults_specimen_jars, nicolae_vaults_three_branches,
          ontoclasm_vaults_spin, layout_vaults_omnicross
Vaults:2: hangedman_vaults_slither, v_pattern_4, hangedman_vaults_corner,
          st_greater_box_3, v_rooms_3, vaults_mumra_hexcomb, vaults_mumra_hex,
          v_misc_23, layout_vaults_omnibox, serial_shops,
          nicolae_shop_behind_doors, uniq_nikola
Vaults:3: nicolae_vaults_network_s, minmay_crypt_entry_simple_box,
          nicolae_vaults_what_the_h, grunt_vaults_trifunnel,
          hangedman_vaults_locks, v_pattern_1, v_rooms_4, v_misc_15,
          vaults_room_semicircle, nicolae_vaults_little_squares_2,
          vaults_room_fancy_cross, layout_vaults_ring, serial_shops, shop
Vaults:4: nicolae_vaults_network_periphery, nicolae_vaults_triangles,
          nicolae_vaults_know_your_exits, ontoclasm_vaults_gateway,
          vaults_room_semicircle, nicolae_vaults_stairing_the_circle,
          ontoclasm_vaults_decontamination, nicolae_vaults_little_squares_1,
          layout_vaults_omnigrid, uniq_saint_roka
Vaults:5: serial_shops, uniq_sojobo
Depths:1: layout_small_grid, minmay_misc_feat_roman, serial_shops,
          nicolae_shop_hallway_stairs, shop, hell_entry, hangedman_eye_storm
Depths:2: minmay_roctagon, layout_basic, rand_demon_pan_entry_5,
          hangedman_coc_ice_floe, nicolae_abyss_entry_one_way_or_another,
          uniq_josephina, uniq_grunn
Abyss:4:  base: Lair:1, base: Depths:4, evilmike_abyss_exit_mutagenic

Skill      XL: |  1  2  3  4  5  6  7  8  9 10 11 12 13 14 15 16 17 18 19 20 21 22 23 |
---------------+----------------------------------------------------------------------+-----
Polearms       | 3 4 5 |  5.1
Stealth        | 1 2 3 4 |  4.6
Armour         | 1 2 3 4 5 6 7 9 10 11 | 11.8
Necromancy     | 1 2 3 4 5 6 8 9 10 | 10.1
Fighting       | 3 4 5 6 7 8 9 10 11 13 14 15 | 15.0
Ice Magic      | 1 2 3 4 6 |  6.2
Spellcasting   | 3 4 5 6 7 9 10 11 12 14 16 18 20 | 20.9
Conjurations   | 4 5 6 7 8 9 10 13 14 | 14.3
Fire Magic     | 2 3 5 6 8 9 10 12 13 15 17 19 20 21 | 21.4
Poison Magic   | 3 5 |  5.3
Shields        | 2 4 5 |  5.0
Transmutations | 2 4 5 |  5.1
Earth Magic    | 2 7 8 |  8.0
Dodging        | |  1.8

Action                   |  1- 3 |  4- 6 |  7- 9 | 10-12 | 13-15 | 16-18 | 19-21 | 22-24 || total
-------------------------+-------+-------+-------+-------+-------+-------+-------+-------++-------
Melee: Spear             |   163 |   406 |   544 |   202 |       |       |       |       ||  1315
       Punch             |       |     7 |     7 |     5 |       |       |       |       ||    19
       Quarterstaff      |       |       |       |    51 |   538 |   271 |   180 |   174 ||  1214
       Trident           |       |       |       |       |       |       |       |     5 ||     5
       Maul              |       |       |       |       |       |       |       |    21 ||    21
Throw: Dart              |       |       |     3 |       |       |     2 |       |       ||     5
 Cast: Hailstorm         |       |       |    46 |    38 |   174 |    47 |     2 |     1 ||   308
       Vampiric Draining |       |       |     2 |       |    22 |     8 |       |       ||    32
       Sticky Flame      |       |       |       |    47 |   201 |    71 |     3 |     2 ||   324
       Mephitic Cloud    |       |       |       |       |    99 |    24 |     6 |     4 ||   133
       Ignite Poison     |       |       |       |       |    51 |    54 |   105 |    20 ||   230
       Starburst         |       |       |       |       |     6 |     6 |     6 |     3 ||    21
       Orb of Destructio |       |       |       |       |       |   324 |   172 |   143 ||   639
       Olgreb's Toxic Ra |       |       |       |       |       |    35 |    91 |    15 ||   141
       Borgnjor's Vile C |       |       |       |       |       |   106 |   235 |   163 ||   504
       Ignition          |       |       |       |       |       |       |    33 |    39 ||    72
Invok: Curse Item        |       |       |     1 |     1 |     2 |     1 |     1 |     1 ||     7
       Shatter the Chain |       |       |       |       |       |     1 |       |     1 ||     2
Evoke: Wand              |       |       |    22 |    44 |    12 |     3 |    11 |     4 ||    96
       Condenser vane    |       |       |       |       |       |       |     2 |     1 ||     3
  Use: Potion            |     2 |     1 |     1 |     5 |     4 |     3 |     6 |    13 ||    35
       Scroll            |     4 |    12 |     8 |     3 |     5 |     7 |     2 |    13 ||    54
 Stab: Sleeping          |       |     8 |     1 |     1 |       |       |       |       ||    10
       Paralysed         |       |       |    16 |       |       |       |       |       ||    16
       Invisible         |       |       |     4 |     8 |     1 |       |       |     8 ||    21
       Distracted        |       |       |       |     2 |     7 |     1 |       |     1 ||    11
       Confused          |       |       |       |       |     2 |     1 |       |       ||     3
Armor: Leather armour    |    81 |   221 |   268 |   164 |   129 |    64 |       |       ||   927
       Acid dragon scale |       |       |       |       |   307 |   328 |   195 |    53 ||   883
       Robe              |       |       |       |       |       |       |       |   151 ||   151
Dodge: Dodged            |    98 |   196 |   293 |   175 |   554 |   305 |   152 |   248 ||  2021
Block: Other             |       |       |       |       |    54 |   116 |    69 |    81 ||   320
       Reflection        |       |       |       |       |     2 |    15 |    17 |    15 ||    49

Table legend: (Time is in decaauts)
 A = Elapsed time spent in this place.
 B = Non-inter-level travel time spent in this place.
 C = Inter-level travel time spent in this place.
 D = Time resting spent in this place.
 E = Time spent auto-exploring this place.
 F = Levels seen in this place.
 G = Mean time per level.
                   A        B        C        D        E       F      G
               +--------+--------+--------+--------+--------+-----+--------+
         Total |  75877 |  70182 |   5695 |  30219 |  21319 |  45 | 1686.2 |
       Dungeon |  20660 |  17704 |   2956 |   3730 |   9033 |  15 | 1377.3 |
        Temple |     42 |     21 |     21 |      0 |      5 |   1 |   42.0 |
          Lair |   9097 |   8043 |   1054 |   3326 |   2721 |   5 | 1819.4 |
         Swamp |   6943 |   6704 |    239 |   3642 |   1758 |   4 | 1735.8 |
     Snake Pit |   7508 |   7212 |    296 |   3016 |   1984 |   4 | 1877.0 |
  Orcish Mines |   3925 |   3771 |    154 |   2241 |    583 |   2 | 1962.5 |
   Elven Halls |   7034 |   6893 |    141 |   3441 |   1490 |   3 | 2344.7 |
        Vaults |  15375 |  14567 |    808 |   7882 |   3065 |   5 | 3075.0 |
        Depths |   3111 |   3088 |     23 |   1707 |    642 |   2 | 1555.5 |
         Abyss |    560 |    560 |      0 |    346 |      0 |   2 |  280.0 |
       Volcano |    645 |    645 |      0 |    366 |     36 |   1 |  645.0 |
      Gauntlet |    971 |    971 |      0 |    520 |      0 |   1 |  971.0 |
               +--------+--------+--------+--------+--------+-----+--------+

Top non-repeatable levels by time:
Vaults:4: 4807 daAuts
Vaults:2: 2950 daAuts
 Snake:4: 2825 daAuts
Vaults:1: 2788 daAuts
   Elf:3: 2643 daAuts
 Swamp:4: 2563 daAuts
Vaults:3: 2488 daAuts
   Elf:2: 2476 daAuts
  Lair:2: 2469 daAuts
  Lair:4: 2448 daAuts
    D:10: 2398 daAuts
Vaults:5: 2339 daAuts
   Orc:2: 2228 daAuts
     D:9: 1933 daAuts
   Elf:1: 1915 daAuts
